Map: Nightshade LE

Players

Mackintac

  • Race: Zerg Zerg
  • League: Grandmaster
  • Spawn Location: 11:00

Maplez - Winner!

  • Race: Protoss Protoss
  • League: Grandmaster
  • Spawn Location: 5:00

VOD

Have the link to the VOD?

Description

Time

  • Played on: Dec. 30, 2019, 10:24 p.m.
  • Length: 9:50
Show
View Real Time Build Order
Export as new Build Order

Mackintac Zerg 

Build Orders: Hatch First 

Get SALT Encoding   

  12  0:01  Drone  
  13  0:12  Overlord  
  13  0:18  Drone  
  14  0:30  Drone x2  
  16  0:48  Hatchery  
  15  0:51  Drone  
  15  0:55  Drone  
  17  0:58  Drone  
  18  1:12  Extractor, Drone  
  18  1:17  Spawning Pool  
  17  1:22  Drone  
  18  1:28  Drone  
  19  1:39  Drone  
  20  1:57  Drone  
  21  2:04  Queen x2  
  21  2:05  Zergling x4  
  27  2:13  Drone  
  28  2:18  Metabolic Boost  
  28  2:23  Overlord  
  28  2:35  Hatchery  
  27  2:42  Drone x3  
  30  2:44  Drone  
  30  2:45  Drone  
  32  2:52  Queen  
  34  2:59  Overlord  
  34  3:02  Drone  
  34  3:03  Zergling x2  
  36  3:16  Spore Crawler  
  36  3:18  Spore Crawler  
  34  3:22  Zergling x4  
  33  3:39  Drone x4  
  33  3:40  Zergling x4  
  38  3:44  Drone x3  
  41  3:53  Drone  
  41  3:54  Drone x2  
  44  4:02  Spore Crawler  
  42  4:05  Drone  
  43  4:10  Drone x2  
  43  4:11  Roach Warren, Drone x2  
  43  4:16  Drone x2  
  48  4:32  Lair  
  48  4:35  Overlord  
  48  4:42  Zergling x2  
  48  4:47  Queen, Spore Crawler  
  48  4:50  Drone  
  48  4:51  Overlord x2  
  49  4:53  Queen  
  50  5:06  Drone x3  
  52  5:08  Drone x5  
  58  5:14  Drone  
  58  5:15  Drone x4  
  65  5:28  Drone x4  
  65  5:29  Glial Reconstitution  
  65  5:30  Extractor  
  65  5:31  Roach  
  68  5:38  Roach x2  
  68  5:41  Extractor  
  71  5:42  Overlord  
  71  5:50  Roach  
  71  5:55  Evolution Chamber  
  68  6:03  Roach x5  
  74  6:17  Queen  
  76  6:20  Drone x2  
  76  6:21  Drone x4  
  76  6:24  Overlord  
  82  6:26  Overlord  
  82  6:27  Hydralisk Den  
  82  6:29  Extractor  
  80  6:33  Overlord  
  80  6:37  Drone x2  
  80  6:39  Extractor, Overseer  
  81  6:42  Overlord  
  81  6:48  Roach x4  
  81  6:49  Roach  
  91  7:00  Overseer  
  91  7:02  Roach  
  91  7:03  Muscular Augments  
  91  7:17  Extractor  
  91  7:18  Ravager, Drone x3  
  91  7:19  Drone x5  
  91  7:20  Drone x4  
  91  7:22  Hydralisk  
  102  7:24  Lurker Den  
  103  7:41  Drone  
  105  7:44  Hydralisk, Drone x4  
  105  7:45  Hydralisk x2  
  105  7:47  Overlord  
  105  7:48  Overlord x2  
  105  7:49  Overlord, Pneumatized Carapace  
  105  7:50  Hatchery  
  113  7:51  Extractor  
  113  7:57  Overlord  
  113  7:58  Overseer  
  112  7:59  Overlord  
  112  8:04  Overlord  
  112  8:05  Queen  
  114  8:08  Roach x4  
  114  8:09  Roach x2  
  114  8:10  Ravager x3  
  114  8:11  Ravager  
  130  8:18  Grooved Spines  
  130  8:22  Drone x3  
  133  8:38  Hydralisk x7  
  134  8:47  Roach  
  134  8:48  Roach x4, Zergling x8  
  119  9:00  Hydralisk x3  
  119  9:01  Zergling x4  
  87  9:16  Hydralisk x3  
Show
View Real Time Build Order
Export as new Build Order

Maplez Protoss - Winner!

Build Orders: 1 Gate Expand, Oracle Opening, Archon Immortal, Archon Drop 

Get SALT Encoding   

  12  0:00  Probe  
  13  0:12  Probe  
  14  0:22  Pylon  
  14  0:24  Probe  
  15  0:40  Probe (Chrono Boost)  
  15  0:41  Gateway  
  16  0:46  Assimilator  
  16  0:49  Probe (Chrono Boost)  
  17  0:54  Probe (Chrono Boost)  
  18  1:06  Probe  
  19  1:18  Probe  
  20  1:27  Nexus  
  21  1:39  Cybernetics Core  
  20  1:41  Probe  
  21  1:47  Assimilator  
  21  1:53  Probe  
  22  1:56  Pylon  
  22  2:06  Probe  
  23  2:13  Adept (Chrono Boost)  
  25  2:18  Stargate  
  25  2:20  Probe  
  26  2:27  Warp Gate  
  26  2:33  Adept (Chrono Boost)  
  26  2:35  Probe (Chrono Boost)  
  29  2:39  Probe (Chrono Boost)  
  30  2:48  Probe (Chrono Boost)  
  30  2:49  Probe (Chrono Boost)  
  32  2:53  Probe (Chrono Boost)  
  32  2:55  Adept  
  32  2:57  Probe  
  36  3:02  Oracle (Chrono Boost)  
  39  3:06  Probe  
  39  3:10  Pylon  
  39  3:12  Probe  
  41  3:20  Gateway  
  41  3:21  Probe  
  41  3:24  Probe  
  43  3:33  Probe  
  44  3:36  Probe  
  43  3:43  Assimilator  
  43  3:44  Oracle (Chrono Boost)  
  43  3:45  Probe, Assimilator  
  43  3:48  Probe  
  46  3:50  Robotics Facility  
  46  3:54  Pylon  
  46  3:57  Probe  
  46  4:00  Probe  
  48  4:08  Twilight Council  
  48  4:09  Probe  
  49  4:12  Probe  
  50  4:17  Adept x2  
  50  4:21  Probe, Pylon  
  55  4:27  Gateway  
  55  4:34  Gateway  
  55  4:37  Warp Prism (Chrono Boost)  
  57  4:51  Templar Archives  
  57  4:55  Pylon  
  57  5:04  Probe  
  56  5:09  Probe  
  55  5:16  Probe  
  56  5:22  Probe, Nexus  
  56  5:23  Pylon  
  57  5:28  Probe  
  57  5:32  High Templar x4  
  57  5:34  Probe  
  57  5:35  Forge, Charge (Chrono Boost)  
  67  5:36  Archon x2  
  67  5:40  Pylon  
  68  5:42  Probe  
  68  5:46  Probe  
  69  5:55  Probe  
  70  5:58  Probe  
  71  6:07  Probe  
  71  6:10  Probe  
  73  6:12  Immortal (Chrono Boost)  
  73  6:16  Robotics Facility  
  77  6:19  Probe  
  77  6:22  Probe, Pylon, Protoss Ground Weapons Level 1 (Chrono Boost)  
  79  6:27  Pylon  
  79  6:31  Probe  
  80  6:33  Pylon  
  80  6:34  Probe  
  81  6:40  Assimilator  
  81  6:41  Assimilator  
  81  6:42  Immortal (Chrono Boost)  
  81  6:43  Probe  
  81  6:46  Probe  
  87  6:47  Probe  
  88  6:55  Probe  
  88  6:59  Probe x2  
  91  7:04  Pylon  
  91  7:07  Probe  
  96  7:11  Immortal (Chrono Boost)  
  96  7:12  Immortal (Chrono Boost)  
  96  7:15  Zealot x4  
  108  7:19  Gateway  
  108  7:20  Gateway  
  108  7:29  Pylon  
  108  7:43  Immortal, Zealot x4  
  120  7:44  Immortal  
  124  8:02  Nexus  
  124  8:04  Pylon  
  124  8:11  High Templar x4  
  132  8:14  Pylon  
  132  8:15  High Templar x2  
  132  8:18  Photon Cannon  
  132  8:19  Probe x2  
  138  8:20  Archon  
  138  8:21  Archon x2  
  138  8:22  Pylon  
  138  8:25  Immortal x2  
  138  8:45  Zealot x4  
  134  8:52  Zealot x2  
  128  9:06  Zealot x3  
  128  9:07  Zealot  
  128  9:08  Immortal  
  128  9:09  Immortal  
  132  9:26  Zealot x5  
  132  9:27  Zealot  
  138  9:32  Assimilator x2  
  138  9:33  Pylon  
  138  9:40  Gateway x2  
Tags
 
Add a new tag
Caveats
  • Supply blocks, unpowered buildings, or Contaminate may cause inaccurate times.
  • Supply counts are checked every 10 seconds.